 Dungeon Crawl Stone Soup version 0.21-a0-621-gc60411f (webtiles) character file.

158 Amnesiac the Insei (level 5, 0/35 HPs)
             Began as an Octopode Transmuter on Dec 23, 2017.
             Slain by a centaur skeleton (5 damage)
             ... on level 4 of the Dungeon.
             The game lasted 00:02:50 (2605 turns).

Amnesiac the Insei (Octopode Transmuter)            Turns: 2605, Time: 00:02:50

Health: 0/35       AC:  1    Str: 10    XL:     5   Next: 39%
Magic:  17/17      EV: 14    Int: 15    God:
Gold:   125        SH:  0    Dex: 13    Spells: 2/8 levels left

rFire    . . .     SeeInvis .     - Unarmed
rCold    . . .     Gourm    .   (no shield)
rNeg     . . .     Faith    .   (helmet restricted)
rPois    +         Spirit   .   (no amulet)
rElec    .         Reflect  .   o - ring of magical power
rCorr    +         Harm     .   e - ring of resist corrosion
MR       .....                  q - ring of poison resistance
Stlth    ++........             (no ring)
HPRegen  0.11/turn              (no ring)
MPRegen  0.15/turn              (no ring)
                                (no ring)
                                (no ring)

@: no status effects
A: almost no armour, stealthy swim, amphibious, 8 rings, constrict 8, camouflage
1, gelatinous body 1
a: no special abilities


You were on level 4 of the Dungeon.
You were not hungry.

You visited 1 branch of the dungeon, and saw 4 of its levels.

You collected 125 gold pieces.

Inventory:

Hand Weapons
 t - a +0 dagger of venom
Missiles
 a - 44 arrows
 k - 29 poisoned needles
Jewellery
 e - a ring of resist corrosion (right tentacle)
 o - a ring of magical power (left tentacle)
 q - a ring of poison resistance (on tentacle)
Scrolls
 f - 2 scrolls of amnesia {!r, unknown}
 g - a scroll of fog {!r, unknown}
 h - 2 scrolls of identify {!r, unknown}
 i - a scroll of teleportation {!r, unknown}
 l - a scroll of remove curse {!r, unknown}
 p - a scroll of enchant armour {!r, unknown}
 s - a scroll of fear {!r, unknown}
Potions
 j - 2 potions of heal wounds {!q, unknown}
 m - 2 potions of might {!q, unknown}
 n - 2 potions of curing {!q, unknown}
 r - a potion of lignification {!q, unknown}
 u - a potion of brilliance {!q, unknown}
Books
 b - a book of Changes

   Spells                             Type                      Level
   a - Beastly Appendage              Transmutation                1
   b - Sticks to Snakes               Transmutation                2
   c - Spider Form                    Transmutation/Poison         3
   d - Ice Form                       Ice/Transmutation            4
   e - Blade Hands                    Transmutation                5
Comestibles
 c - 6 rations
 d - 7 chunks of flesh


   Skills:
 + Level 2.6 Fighting
 + Level 2.4 Dodging
 * Level 3.6 Unarmed Combat
 + Level 2.4 Spellcasting
 * Level 3.5 Transmutations


You had 2 spell levels left.
You knew the following spells:

 Your Spells              Type           Power        Failure   Level  Hunger
a - Beastly Appendage     Tmut           ##....       4%          1    #......
b - Sticks to Snakes      Tmut           ##......     8%          2    ###....
c - Spider Form           Tmut/Pois      #.........   30%         3    ###....


Dungeon Overview and Level Annotations

Branches:
Dungeon (4/15)
 Temple: D:4-7

Altars:
Ashenzari
Uskayaw
Vehumet
Xom
The Shining One


Innate Abilities, Weirdness & Mutations

You cannot wear most types of armour.
You are very stealthy in the water. (Stealth+)
You are amphibious.
You can wear up to eight rings at the same time.
You can use your tentacles to constrict eight enemies at once.
Your skin changes colour to match your surroundings (Stealth+).
Your rubbery body absorbs attacks. (AC +1, EV +1)


Message History

You butcher the orc corpse.
d - 7 chunks of flesh (gained 3)
Things that are here:
a dagger; a chain mail
Things that are here:
a dagger; a chain mail
f - 2 scrolls labeled RILLEIMAVE {!r} (gained 1) Key pressed, stopping explore.
No target in view!
Done exploring.
No target in view!
Done exploring.
No target in view!
Search for what [? for help]? ax
There is a stone staircase leading down here.
Okay, then.
You climb downwards.
Found 23 gold pieces and a hunting sling.
There is a stone staircase leading up here.
You now have 114 gold pieces (gained 12).
You now have 125 gold pieces (gained 11).
Found a mace.
j - 2 lumpy purple potions {!q} (gained 1)
A centaur skeleton comes into view.
A centaur skeleton is nearby!
A hound skeleton comes into view.
You tentacle-slap the centaur skeleton. You squeeze the centaur skeleton.
The centaur skeleton is lightly damaged.
The centaur skeleton hits you!
The centaur skeleton closely misses you.
You tentacle-slap the centaur skeleton.
The centaur skeleton is lightly damaged.
The centaur skeleton hits you!
You tentacle-slap the centaur skeleton. x2; You squeeze the centaur skeleton.
The centaur skeleton is heavily damaged.
The centaur skeleton closely misses you.
You tentacle-slap the centaur skeleton but do no damage.
The centaur skeleton is heavily damaged.
The centaur skeleton closely misses you.
You tentacle-slap the centaur skeleton but do no damage.
The centaur skeleton is heavily damaged.
The centaur skeleton closely misses you.
You tentacle-slap the centaur skeleton.
The centaur skeleton is heavily damaged.
The centaur skeleton hits you. x2
* * * LOW HITPOINT WARNING * * *
You tentacle-slap the centaur skeleton but do no damage.
The centaur skeleton is heavily damaged.
The centaur skeleton hits you.
* * * LOW HITPOINT WARNING * * *
You tentacle-slap the centaur skeleton but do no damage.
The centaur skeleton is heavily damaged.
The centaur skeleton hits you.
* * * LOW HITPOINT WARNING * * *
You are too injured to fight recklessly!
You are too injured to fight recklessly!
You are too injured to fight recklessly!
Cast which spell? (? or * to list)
You don't know that spell.
Unknown command.
You tentacle-slap the centaur skeleton.
The centaur skeleton is heavily damaged.
The centaur skeleton hits you.
You die...

#....##.# .. ..
#....##.###.. .
#..).......# #.
#.........# ###.#
#.........# Z....
#.........#
####..###.........##
.........##........#
.......@.####......#
......Z..####).....#
####..#<...........#
#..#............# #.
#............##
#..#.............#
#...........###....#
............# ....#
#.#.........# ....#


You could see a centaur skeleton.

Vanquished Creatures
  A hound (D:3)
  2 adders
  An ooze (D:2)
  2 worms
  6 dart slugs
  3 leopard geckos
  4 orcs (D:3)
  7 bats
  A giant cockroach (D:3)
  12 hobgoblins
  12 jackals
  7 kobolds
  A quokka (D:2)
  3 ball pythons (D:1)
  5 frilled lizards
  3 goblins
  4 rats
74 creatures vanquished.

Notes
Turn   | Place    | Note
-------+----------+-------------------------------------------
     0 | D:1      | Amnesiac the Octopode Transmuter began the quest for the Orb.
     0 | D:1      | Reached XP level 1. HP: 13/13 MP: 3/3
   119 | D:1      | Reached XP level 2. HP: 5/19 MP: 5/5
   295 | D:1      | Learned a level 2 spell: Sticks to Snakes
   864 | D:1      | Reached XP level 3. HP: 21/24 MP: 6/6
   939 | D:1      | Learned a level 3 spell: Spider Form
  1606 | D:2      | Reached XP level 4. HP: 27/29 MP: 7/7
  1624 | D:2      | Found a shattered altar of Ashenzari.
  1626 | D:2      | Found a radiant altar of Vehumet.
  1626 | D:2      | Found a sacrificial altar of Ru.
  1628 | D:2      | Found a hide-covered altar of Uskayaw.
  1628 | D:2      | Found a glowing golden altar of the Shining One.
  1628 | D:2      | Found a shimmering altar of Xom.
  2215 | D:3      | Reached XP level 5. HP: 21/35 MP: 8/8
  2605 | D:4      | Slain by a centaur skeleton

Vault maps used:
D:1:      tarquinn_simple_flora_water_d
D:2:      doesnt_xom_only_xom, kennysheep_generic_room_16
D:3:      first_ration, minivault_14
D:4:      temple_fountains, lemuel_angel_altar

Skill      XL: |  1  2  3 |
---------------+----------+-----
Fighting       | 2 |  2.6
Transmutations | 3 |  3.5
Dodging        | |  2.4
Unarmed Combat | |  3.6
Spellcasting   | |  2.4

Action                   |  1- 3 |  4- 6 || total
-------------------------+-------+-------++-------
Melee: Unarmed           |    98 |    93 ||   191
       Constrict         |    29 |    29 ||    58
       Tentacles         |    22 |    23 ||    45
       Punch             |       |     5 ||     5
 Stab: Sleeping          |     5 |     1 ||     6
       Distracted        |       |     1 ||     1
  Eat: Chunk             |     2 |     3 ||     5
Armor: Skin              |    15 |     5 ||    20
Dodge: Dodged            |    68 |    73 ||   141

Table legend:
 A = Spawn XP
 B = Non-spawn XP
 C = Spawn XP percentage of total XP
 D = Spawn monster count
 E = Non-spawn monster count
 F = Spawn count percentage of total count
 G = Total turns spent on level
                    A         B        C        D         E        F      G
               +---------+---------+-------+---------+---------+-------+---------
         Total |       0 |     226 |   0.0 |       0 |      74 |   0.0 |  2605
               +---------+---------+-------+---------+---------+-------+---------
           D:1 |       0 |      47 |   0.0 |       0 |      26 |   0.0 |  1153
           D:2 |       0 |      64 |   0.0 |       0 |      21 |   0.0 |   586
           D:3 |       0 |     115 |   0.0 |       0 |      27 |   0.0 |   831
               +---------+---------+-------+---------+---------+-------+---------
